 Dungeon Crawl Stone Soup version 0.22.1-1-ga44c0e5 (webtiles) character file.

57 Irenicus the Bolt Thrower (level 3, 0/32 HPs)
             Began as a Deep Dwarf Hunter on Sept 24, 2018.
             Slain by Natasha (4 damage)
             ... on level 2 of the Dungeon.
             The game lasted 00:04:24 (482 turns).

Irenicus the Bolt Thrower (Deep Dwarf Hunter)        Turns: 482, Time: 00:04:25

Health: 0/32       AC:  4    Str: 15    XL:     3   Next: 73%
Magic:  3/3        EV: 12    Int: 11    God:
Gold:   27         SH:  0    Dex: 14    Spells: 2/2 levels left

rFire    . . .     SeeInvis +   i - +4 whip
rCold    . . .     Gourm    .   (no shield)
rNeg     . . .     Faith    .   c - +0 leather armour
rPois    .         Spirit   .   (no helmet)
rElec    .         Reflect  .   (no cloak)
rCorr    .         Harm     .   l - +0 pair of gloves
MR       .....                  (no boots)
Stlth    ++........             (no amulet)
HPRegen  0.00/turn              k - ring of see invisible
MPRegen  0.08/turn              (no ring)

@: non-regenerating, slowed, very slow
A: damage resistance, heal wounds, sense surroundings 1, no regeneration
a: Heal Wounds


You were on level 2 of the Dungeon.
You were full.

You visited 1 branch of the dungeon, and saw 2 of its levels.

You collected 27 gold pieces.

Inventory:

Hand Weapons
 a - a +1 hand crossbow
 b - a +0 short sword
 i - a +4 whip (weapon)
Missiles
 d - 17 bolts
Armour
 c - a +0 leather armour (worn)
 l - a +0 pair of gloves (worn)
Jewellery
 k - a ring of see invisible (left hand)
Scrolls
 j - a scroll of teleportation {unknown}
Potions
 g - a potion of flight {unknown}
 h - a potion of ambrosia {unknown}
Comestibles
 f - 5 rations


   Skills:
 - Level 1.7 Fighting
 + Level 2.4 Maces & Flails
 - Level 5.2 Crossbows
 - Level 2.1 Dodging
 - Level 1.2 Stealth


You had 2 spell levels left.
You didn't know any spells.
Your spell library was empty.

Dungeon Overview and Level Annotations

Branches:
Dungeon (2/15)

Altars:

Annotations:
D:2 Natasha


Innate Abilities, Weirdness & Mutations

You are resistant to damage.
You can heal yourself by infusing magical energy.
You passively map a small area around you.
You do not regenerate.


Message History

You barely miss the hobgoblin. Natasha barely misses you.
The hobgoblin misses you.
You barely miss Natasha.
Natasha is heavily wounded.
Natasha claws you! The hobgoblin hits you. Natasha claws you.
The hobgoblin barely misses you.
You miss Natasha.
Natasha is heavily wounded.
Natasha claws you.
* * * LOW HITPOINT WARNING * * *
The hobgoblin hits you. Natasha claws you.
* * * LOW HITPOINT WARNING * * *
The hobgoblin hits you.
It was a potion of magic.
Magic courses through your body. Natasha claws you.
* * * LOW HITPOINT WARNING * * *
The hobgoblin barely misses you. Natasha misses you.
You fail to use your ability.
The hobgoblin closely misses you. Natasha claws you.
You die...

...#..# *##. #.........#
...#.#* * #.............#
.....# # , #.....#########
...### .. #......# ...### .#
#......# ##...#..# #......#
##.#<..# #......# .....###
###.g....# .#.#...#
##..@h....#
#..###..###*#..####.#.# #.##
#....##.## .. #.# * ##....#
**,..# #.# * ##....# .#
..#####....##.#### * #
#.......### #....# *
########## ####.####
####.#######.....##.. #
#.###########.....[...........


You could see Natasha and a hobgoblin.

Vanquished Creatures
  3 gnolls (D:2)
  2 worms (D:2)
  A dart slug (D:2)
  A leopard gecko (D:2)
  2 giant cockroaches
  3 hobgoblins
  3 kobolds
  2 frilled lizards (D:2)
  A goblin (D:2)
  4 rats
22 creatures vanquished.

Notes
Turn   | Place    | Note
-------+----------+-------------------------------------------
     0 | D:1      | Irenicus the Deep Dwarf Hunter began the quest for the Orb.
     0 | D:1      | Reached XP level 1. HP: 19/19 MP: 1/1
   198 | D:2      | Reached XP level 2. HP: 26/26 MP: 2/2
   215 | D:2      | Reached skill level 5 in Crossbows
   350 | D:2      | Reached skill level 1 in Maces & Flails
   350 | D:2      | Reached XP level 3. HP: 18/32 MP: 3/3
   468 | D:2      | Noticed Natasha
   482 | D:2      | Slain by Natasha

Skill      XL: |  1  2  3 |
---------------+----------+-----
Crossbows      | 5 |  5.2
Maces & Flails | 1 2 |  2.4
Fighting       | |  1.7
Dodging        | |  2.1
Stealth        | |  1.2

Action                   || total
-------------------------++-------
Melee: Short sword       ||    12
       Whip              ||    28
 Fire: Hand crossbow     ||    31
 Abil: Heal Wounds       ||     1
  Use: Scroll            ||     2
       Potion            ||     2
 Stab: Sleeping          ||     1
  Eat: Ration            ||     1
Armor: Leather armour    ||     7
Dodge: Dodged            ||    35
